 Dungeon Crawl Stone Soup version 0.28-a0-1233-g92def6ad0a (webtiles) character file.

Game seed: 12899633966691067001

6509 Lekart the Fighter (level 10, -11/156 HPs)
             Began as a Grey Draconian Chaos Knight on Dec 23, 2021.
             Was a Plaything of Xom.
             Mangled by a troll (19 damage)
             ... on level 10 of the Dungeon.
             The game lasted 00:14:35 (11677 turns).

Lekart the Fighter (Grey Draconian Chaos Knight)   Turns: 11677, Time: 00:14:35

Health: -11/156    AC: 15    Str: 15    XL:     10   Next: 69%
Magic:  14/14      EV: 14    Int: 11    God:    Xom [..*...]
Gold:   273        SH:  0    Dex: 14    Spells: 8/14 levels left

rFire   . . .      SeeInvis +   a - +1 hand axe (chaos)
rCold   . . .      Faith    .   (no shield)
rNeg    . . .      Spirit   .   (armour unavailable)
rPois   .          Reflect  .   (helmet restricted)
rElec   .          Harm     .   (no cloak)
rCorr   .          Rampage  .   (no gloves)
Will    .....      Clarity  +   m - +2 pair of boots
Stlth   ..........              (no amulet)
HPRegen 0.36/turn               (no ring)
MPRegen 0.14/turn               (no ring)

@: berserking, very quick
A: AC +12, amphibious, unfitting armour, cold-blooded, see invisible, clarity,
dopey 1, MP-powered wands
a: Renounce Religion


You were on level 10 of the Dungeon.
You worshipped Xom.
You were a toy of Xom.
You visited 2 branches of the dungeon, and saw 11 of its levels.

You collected 497 gold pieces.
You spent 224 gold pieces at shops.

Inventory:

Hand Weapons
 a - a +1 hand axe of chaos (weapon)
 k - a +3 scimitar of flaming
Armour
 m - a +2 pair of boots (worn)
Scrolls
 b - a scroll of enchant weapon
 d - 2 scrolls of amnesia
 f - a scroll of silence
 i - 2 scrolls of magic mapping
 l - 2 scrolls of identify
Potions
 c - 3 potions of curing
 e - a potion of brilliance {unknown}
 g - 2 potions of attraction
 h - 3 potions of resistance
 j - a potion of cancellation
 n - a potion of lignification {unknown}


   Skills:
 + Level 14.6 Fighting
 + Level 9.0 Axes
 + Level 4.9 Dodging
 * Level 2.7 Spellcasting
 * Level 3.1 Transmutations
 * Level 4.3 Earth Magic
 + Level 1.0 Evocations


You had 8 spell levels left.
You knew the following spells:

 Your Spells              Type           Power      Damage    Failure   Level
a - Passwall              Tmut/Erth      7%         N/A       9%          2
b - Petrify               Tmut/Erth      9%         N/A       50%         4

Your spell library contained the following spells:

 Spells                   Type           Power      Damage    Failure   Level
 Sandblast                Erth           22%        2d7       4%          1
 Magic Dart               Conj           4%         1d3       26%         1
 Stone Arrow              Conj/Erth      12%        3d7       32%         3
 Call Imp                 Summ           1%         N/A       38%         2
 Ensorcelled Hibernation  Hex/Ice        2%         N/A       38%         2
 Static Discharge         Conj/Air       1%         N/A       38%         2
 Sublimation of Blood     Necr           1%         N/A       38%         2
 Call Canine Familiar     Summ           1%         N/A       63%         3
 Gell's Gravitas          Tloc           1%         N/A       63%         3
 Mephitic Cloud           Conj/Pois/Air  1%         N/A       63%         3
 Portal Projectile        Hex/Tloc       2%         N/A       63%         3
 Teleport Other           Tloc           1%         N/A       63%         3
 Tukima's Dance           Hex            1%         N/A       63%         3
 Leda's Liquefaction      Hex/Erth       3%         N/A       73%         4
 Airstrike                Air            0%         N/A       95%         4
 Dispel Undead            Necr           1%         3d6       95%         4
 Sticky Flame             Conj/Fire      1%         2d3       95%         4
 Irradiate                Conj/Tmut      2%         3d14      98%         5
 Yara's Violent Unravell  Hex/Tmut       2%         3d3       98%         5
 Dispersal                Tloc           0%         N/A       100%        6
 Chain Lightning          Conj/Air       0%         2d1       100%        9


Dungeon Overview and Level Annotations

Branches:
Dungeon (10/15)            Temple (1/1) D:6            Lair (0/6) D:8
    Orc: D:9-12

Altars:
Ashenzari
Cheibriados
Dithmenos
Fedhas
Gozag
Hepliaklqana
Kikubaaqudgha
Makhleb
Nemelex Xobeh
Okawaru
Qazlal
Ru
Sif Muna
Trog
Uskayaw
Vehumet
Wu Jian
Xom
Yredelemnul
Zin
The Shining One

Shops:
D:3 !

Annotations:
D:3 exclusion: downstairs


Innate Abilities, Weirdness & Mutations

Your dull iron-grey scales are very hard. (AC +12)
You are amphibious.
You cannot fit into any form of body armour.
You are cold-blooded and may be slowed by cold attacks.
You have supernaturally acute eyesight. (SInv)
You possess an exceptional clarity of mind.
You are dopey. (Int -2)
You expend magic power (3 MP) to strengthen your wands.


Message History

You hit the troll but do no damage.
The troll looks as sick as possible!
The troll is heavily wounded.
The troll bites you. The troll misses you. The troll claws you.
You hit the troll.
Your tail-slap misses the troll.
The troll is heavily wounded.
The troll bites you but does no damage. The troll claws you. x2
You hit the troll.
The troll goes berserk!
The troll is heavily wounded.
The troll bites you but does no damage. The troll claws you but does no damage.
The troll barely misses you.
You completely miss the troll.
The troll is heavily wounded.
The troll closely misses you. x2; The troll claws you!
The troll closely misses you. x2; The troll completely misses you.
You barely miss the troll.
The troll is heavily wounded.
The troll bites you!! The troll completely misses you. The troll claws you!
* * * LOW HITPOINT WARNING * * *
You are too injured to fight recklessly!
You are too injured to fight recklessly!
The troll bites you!
* * * LOW HITPOINT WARNING * * *
The troll claws you.
* * * LOW HITPOINT WARNING * * *
The troll closely misses you.
There is an open door, spattered with blood here.
A red film seems to cover your vision as you go berserk!
You feel yourself moving faster!
You feel mighty! Xom grants you insight.
You feel aware of your surroundings. The troll bites you but does no damage.
The troll closely misses you. x2; The troll misses you.
The troll closely misses you. The troll claws you!
* * * LOW HITPOINT WARNING * * *
You barely miss the troll.
The troll is heavily wounded.
You hit the troll.
The troll looks as sick as possible!
The troll is heavily wounded.
The troll bites you!!
You die...
Xom snickers!

+### ,* ..# ****
###*####+### ###'####...
,..##......#
#........##+*#..#...$..#*
##........#... ..#......+
,
.'.......##._.##.#......#*
##.......#.....#.#......#
#.......#.###.#.T......#
#.......###.###@#......#
###+###.##.((##.###+####
#.#.#(#(#.# #.#
#.#..#((#.###.#
######+#.#.#.#(#.##..# #
.........##...##.##'#####
#
>.........#####.........#
#
..................###.###
# ................#.#
#.#.####### #


You could see a troll (berserk, extremely poisoned) and 7 dancing weapons.

Vanquished Creatures
  Erica (D:10)
  A shining eye (shapeshifter) (D:9)
  Joseph (D:8)
  Psyche (D:9)
  A troll (D:9)
  4 yaks (D:7)
  Eustachio (D:4)
  A steam dragon (D:8)
  An acid dragon (D:8)
  A sky beast (D:5)
  2 black bears
  2 orc warriors (D:9)
  2 ice beasts
  2 ogres (D:5)
  A tengu (D:8)
  2 kobold brigands
  2 bullfrogs
  A gnoll sergeant (D:9)
  A water moccasin zombie (D:3)
  4 killer bees (D:9)
  3 wights (D:8)
  3 howler monkeys (D:9)
  5 centaur zombies
  A jelly (D:3)
  A bullfrog zombie (D:6)
  4 orc priests
  A bullfrog skeleton (D:5)
  3 hounds
  A gnoll shaman (D:7)
  A centaur skeleton (D:6)
  5 iguanas
  5 orc wizards
  4 howler monkey zombies
  14 gnolls
  A howler monkey skeleton (D:4)
  2 adders
  A shadow imp (D:6)
  2 adder skeletons (D:4)
  A worm (D:4)
  2 dart slugs
  25 orcs
  5 ball pythons
  A bat (D:3)
  8 endoplasms
  A giant cockroach (D:1)
  7 goblins
  6 hobgoblins
  6 quokkas
  4 frilled lizards
  11 kobolds
  2 rats (D:1)
168 creatures vanquished.

Vanquished Creatures (collateral kills)
  A bullfrog (D:7)
  A centaur skeleton (D:7)
2 creatures vanquished.

Vanquished Creatures (others)
  Pikel (D:4)
  An acid dragon (D:8)
  A human (D:3)
  A shadow imp (D:8)
  A ball python (D:4)
5 creatures vanquished.

Grand Total: 175 creatures vanquished

Notes
Turn   | Place    | Note
-------+----------+-------------------------------------------
     0 | D:1      | Lekart the Draconian Chaos Knight began the quest for the
                  | Orb.
     0 | D:1      | Reached XP level 1. HP: 19/19 MP: 1/1
    35 | D:1      | XOM: silly message
   109 | D:1      | Reached XP level 2. HP: 24/26 MP: 2/2
   388 | D:1      | XOM: divination: detect items
   431 | D:1      | XOM: silly message
   456 | D:1      | Got the Reference Book on Enthralling Weightlessness
   578 | D:1      | Found a faded altar of an unknown god.
   907 | D:1      | Reached XP level 3. HP: 30/33 MP: 3/3
  1203 | D:1      | XOM: silly message
  1651 | D:2      | XOM: 4-stop teleportation journey
  1938 | D:2      | XOM: silly message
  2127 | D:3      | Reached skill level 4 in Fighting
  2127 | D:3      | Reached XP level 4. HP: 5/40 MP: 4/4
  2164 | D:3      | XOM: 1-stop teleportation journey
  2472 | D:3      | XOM is BORED!
  2472 | D:3      | Found Feiv's Distillery.
  2472 | D:3      | XOM: 2-stop teleportation journey
  2479 | D:3      | XOM: potion effect (curing)
  2482 | D:3      | XOM: enchant monster (good)
  2484 | D:3      | Reached XP level 5. HP: 42/46 MP: 5/5
  2581 | D:3      | Found an ancient bone altar of Kikubaaqudgha.
  2582 | D:3      | Noticed a human
  2585 | D:3      | Killed a human
  2863 | D:3      | Bought a potion of mutation for 112 gold pieces
  2863 | D:3      | Gained mutation: You sometimes lose the ability to read
                  | scrolls when taking damage. [potion of mutation]
  2863 | D:3      | Gained mutation: You have hidden genetic defects. [potion
                  | of mutation]
  3109 | D:4      | XOM: give mutation
  3109 | D:4      | Gained mutation: You expend magic power (3 MP) to
                  | strengthen your wands. [Xom's grace]
  3128 | D:4      | Reached skill level 5 in Axes
  3303 | D:4      | XOM: silly message
  3320 | D:4      | XOM: confuse monster(s)
  3341 | D:4      | Gained mutation: You are dopey. (Int -2) [hidden defects]
  3391 | D:4      | Noticed a lemure
  3396 | D:4      | Noticed an ice beast
  3423 | D:4      | XOM: potion effect (berserk rage)
  3519 | D:4      | XOM: scenery: create altars
  3523 | D:4      | XOM: cast spell 'Shadow Creatures'
  3789 | D:4      | Reached XP level 6. HP: 8/53 MP: 6/6
  3798 | D:4      | Gained mutation: You have terrible hidden genetic defects.
                  | [hidden defects]
  3798 | D:4      | Lost mutation: You have terrible hidden genetic defects.
                  | [hidden defects expressed]
  3803 | D:4      | XOM: god gift: scroll labelled BEONUO FOYBYFE {god gift}
  4091 | D:4      | XOM: confuse monster(s)
  4108 | D:4      | Gained mutation: You do not regenerate when monsters are
                  | visible. [hidden defects]
  4195 | D:4      | XOM: scenery: create altars
  4262 | D:4      | Reached skill level 5 in Fighting
  4265 | D:4      | XOM: scenery: summon butterflies
  4274 | D:4      | Gained mutation: Your body sometimes deteriorates upon
                  | taking damage. [hidden defects]
  4274 | D:4      | Lost mutation: You have hidden genetic defects. [hidden
                  | defects expressed]
  4336 | D:4      | Found a burning altar of Makhleb.
  4391 | D:4      | Noticed Pikel
  4396 | D:4      | XOM: polymorph orc -> ball python
  4399 | D:4      | Reached skill level 14 in Fighting
  4399 | D:4      | Your scales start taking on a dull iron-grey colour.
  4399 | D:4      | Reached XP level 7. HP: 80/81 MP: 7/7
  4405 | D:4      | Killed Pikel
  4405 | D:4      | XOM: divine lightning
  4406 | D:4      | Reached XP level 8. HP: 88/89 MP: 8/8
  4604 | D:4      | Noticed Eustachio
  4612 | D:4      | XOM: cast spell 'Necromutation'
  4614 | D:4      | Killed Eustachio
  4958 | D:5      | Entered Level 5 of the Dungeon
  5203 | D:5      | XOM: noise
  5385 | D:5      | XOM: silly message
  5433 | D:5      | XOM: scenery: 3 doors close
  5486 | D:5      | XOM: silly message
  5638 | D:5      | Found a radiant altar of Vehumet.
  6180 | D:5      | Learned a level 2 spell: Passwall
  6282 | D:3      | Bought a potion of mutation for 112 gold pieces
  6282 | D:3      | Lost mutation: You sometimes lose the ability to read
                  | scrolls when taking damage. [potion of mutation]
  6282 | D:3      | Lost mutation: Your body sometimes deteriorates upon taking
                  | damage. [potion of mutation]
  6282 | D:3      | Lost mutation: You do not regenerate when monsters are
                  | visible. [potion of mutation]
  6282 | D:3      | Gained mutation: You have supernaturally acute eyesight.
                  | (SInv) [potion of mutation]
  6282 | D:3      | Gained mutation: You possess an exceptional clarity of
                  | mind. [potion of mutation]
  6304 | D:4      | XOM: silly message
  6505 | D:6      | XOM: potion effect (invisibility)
  6573 | D:6      | Reached XP level 9. HP: 90/95 MP: 9/9
  6642 | D:6      | Found a staircase to the Ecumenical Temple.
  6668 | D:6      | XOM: silly message
  6704 | D:6      | Found an ornate altar of the Wu Jian Council.
  6747 | D:6      | Found a sparkling altar of Nemelex Xobeh.
  6859 | D:6      | XOM: summons 1 hostile demon
  6913 | D:6      | Found a glowing silver altar of Zin.
  6949 | D:6      | Found a shimmering blue altar of Sif Muna.
  6953 | D:6      | Found a glowing golden altar of the Shining One.
  6978 | D:6      | Found a basalt altar of Yredelemnul.
  7032 | D:6      | XOM: god gift: wand of iceblast (7)
  7049 | Temple   | Entered the Ecumenical Temple
  7077 | Temple   | XOM: summons 5 hostile demons
  7223 | Temple   | XOM: silly message
  7280 | Temple   | XOM: scenery: create altars
  7378 | D:7      | XOM: summons friendly shadow imp
  7382 | D:7      | Reached skill level 1 in Earth Magic
  7390 | D:7      | XOM: fake destruction
  7407 | D:7      | Reached skill level 1 in Spellcasting
  7407 | D:7      | Reached skill level 1 in Transmutations
  7415 | D:7      | Learned a level 4 spell: Petrify
  7521 | D:7      | XOM: summons friendly quasit
  8429 | D:8      | Found a staircase to the Lair.
  8460 | D:8      | Found a hazy altar of Hepliaklqana.
  8543 | D:8      | Noticed Joseph
  8543 | D:8      | XOM: 2-stop teleportation journey
  8545 | D:8      | XOM: potion effect (might)
  8552 | D:8      | Killed Joseph
  8805 | D:8      | XOM: swap monsters
  9125 | D:8      | XOM: polymorph ice beast -> tengu
  9133 | D:8      | Reached XP level 10. HP: 90/104 MP: 12/12
  9548 | D:9      | XOM: enchant monster (bad)
  9550 | D:9      | Paralysed by a hornet for 2 turns
 10300 | D:9      | Noticed Psyche
 10310 | D:9      | Killed Psyche
 10324 | D:9      | XOM: 7-stop teleportation journey
 10963 | D:10     | Entered Level 10 of the Dungeon
 10970 | D:10     | Noticed a +0 dagger
 10970 | D:10     | Noticed a +0 spear
 10971 | D:10     | Noticed a +0 dagger
 10971 | D:10     | Noticed a +0 short sword
 10971 | D:10     | Noticed a +0 falchion
 10971 | D:10     | Noticed a +0 spear
 10972 | D:10     | Noticed a +0 falchion
 10972 | D:10     | Noticed Erica
 10972 | D:10     | Noticed a +0 short sword
 10991 | D:10     | XOM: confuse monster(s)
 11002 | D:10     | Killed Erica
 11145 | D:10     | XOM: 2-stop teleportation journey
 11244 | D:10     | Found a hide-covered altar of Uskayaw.
 11283 | D:9      | Reached skill level 1 in Evocations
 11388 | D:9      | Noticed a glowing shapeshifter
 11388 | D:9      | an orc priest changed into a glowing shapeshifter
 11388 | D:9      | a glowing shapeshifter changed into a swamp worm
 11406 | D:9      | Noticed a shining eye
 11406 | D:9      | a merfolk changed into a shining eye
 11410 | D:9      | Killed a shining eye
 11675 | D:10     | XOM: divination: magic mapping
 11677 | D:10     | Mangled by a troll

Illustrated notes

Levels and vault maps discovered:
D:1:      dpeg_arrival_prison, layout_basic, hellmonk_ecumenical_altar_lost_god,
          serial_curves, eino_curves_02, eino_curves_01, skrybe_limestone_x
D:2:      layout_loops_ring, chequers_mini_garden
D:3:      layout_basic, tgw_kikubaaqudgha, serial_shops, shop
D:4:      layout_loops_ring, makhleb_heckhound_becter,
          chequers_serial_rivers_small_a, minmay_circle_x, uniq_pikel,
          uniq_eustachio
D:5:      layout_gridville, general_overflow_altar, minivault_4
D:6:      layout_rooms, nicolae_wu_jian_immortal_techniques, zin_scriptorium,
          mainiacjoe_overflow_24_doors, grunt_temple_overflow_diamond,
          minmay_temple_entry_proselytizer
D:7:      layout_loops_ring
D:8:      layout_loops_ring, mainiacjoe_overflow_concentric_impassable,
          lair_entry_dummy, serial_glass, glass_columns_a, glass_columns_c,
          wad_rectangle_vault, uniq_joseph
D:9:      layout_irregular_city, kennysheep_generic_room_12, uniq_psyche
D:10:     layout_roguey, nicolae_uskayaw_en_pointe,
          nicolae_elyvilon_temple_path, minmay_puff, uniq_erica
Temple:   dpeg_chambers_temple

Skill      XL: |  1  2  3  4  5  6  7  8  9 10 |
---------------+-------------------------------+-----
Axes           | 4 5 6 7 8 9 |  9.0
Fighting       | 4 14 | 14.6
Dodging        | 3 4 |  4.9
Earth Magic    | 3 4 |  4.3
Spellcasting   | 1 2 |  2.7
Transmutations | 2 3 |  3.1
Evocations     | 1 |  1.0

Action                   |  1- 3 |  4- 6 |  7- 9 | 10-12 || total
-------------------------+-------+-------+-------+-------++-------
Melee: Hand axe          |    73 |    86 |   332 |   224 ||   715
       Tailslap          |     8 |     7 |    41 |    35 ||    91
Evoke: Wand              |       |       |     4 |     4 ||     8
  Use: Scroll            |     3 |     3 |     5 |     5 ||    16
       Potion            |       |     5 |     1 |     1 ||     7
 Stab: Sleeping          |     1 |       |     3 |       ||     4
       Paralysed         |       |     1 |     8 |       ||     9
       Confused          |       |     1 |       |     1 ||     2
       Petrified         |       |       |     1 |       ||     1
Armor: Skin              |    22 |    24 |   172 |   102 ||   320
Dodge: Dodged            |    42 |    52 |   232 |   152 ||   478

Table legend: (Time is in decaauts)
 A = Elapsed time spent in this place.
 B = Non-inter-level travel time spent in this place.
 C = Inter-level travel time spent in this place.
 D = Time resting spent in this place.
 E = Time spent auto-exploring this place.
 F = Levels seen in this place.
 G = Mean time per level.
                   A        B        C        D        E       F      G
               +--------+--------+--------+--------+--------+-----+--------+
         Total |  11667 |  11074 |    593 |   2587 |   6914 |  11 | 1060.6 |
       Dungeon |  11412 |  10823 |    589 |   2587 |   6702 |  10 | 1141.2 |
        Temple |    255 |    252 |      3 |      0 |    212 |   1 |  255.0 |
               +--------+--------+--------+--------+--------+-----+--------+

Top non-repeatable levels by time:
     D:9: 1824 daAuts
     D:3: 1601 daAuts
     D:4: 1440 daAuts
     D:1: 1398 daAuts
     D:5: 1304 daAuts
     D:8: 1101 daAuts
     D:7: 994 daAuts
     D:6: 756 daAuts
     D:2: 627 daAuts
    D:10: 364 daAuts
  Temple: 255 daAuts
